 Dungeon Sprint DCSS version 0.27-a0-860-gaf99fae3ca (webtiles) character file.

Game seed: 18181244000915022963

39929 mhtbhm the Hoplite (level 13, 141/141 HPs)
             Began as a Minotaur Fighter on Apr 1, 2021.
             Was the Champion of Trog.
             Quit the game in the Dungeon (Sprint IX: "|||||||||||||||||||||||||||||").
             The game lasted 00:12:21 (4757 turns).

mhtbhm the Hoplite (Minotaur Fighter)               Turns: 4757, Time: 00:12:22

Health: 141/141    AC: 26    Str: 26    XL:     13   Next: 71%
Magic:  12/12      EV: 13    Int:  7    God:    Trog [******]
Gold:   377        SH: 16    Dex: 10    Spells: 12/12 levels left

rFire    . . .     SeeInvis .   a - +10 trident of Judgement {vorpal, Int+2}
rCold    . . .     Faith    .   c - +0 kite shield
rNeg     . . .     Spirit   .   b - +1 plate armour {rPois}
rPois    +         Reflect  .   (helmet restricted)
rElec    .         Harm     .   l - +1 cloak
rCorr    .         Rampage  .   r - +0 pair of gloves
Will     +....     NoTele   +   s - +0 pair of boots
Stlth    ..........             (no amulet)
HPRegen  0.33/turn              w - ring of willpower
MPRegen  0.13/turn              m - +2 ring of evasion

@: no status effects
A: horns 2, retaliatory headbutt
a: Renounce Religion, Berserk, Trog's Hand, Brothers in Arms


You were in the Dungeon.
You worshipped Trog.
Trog was exalted by your worship.
You visited 1 branch You collected 1959 gold pieces.
You spent 1582 gold pieces at shops.

Inventory:

Hand Weapons
 a - the +10 trident of Judgement (weapon) {vorpal, Int+2}
   (Trog gifted it to you in the Dungeon)

   It inflicts extra damage upon your enemies.
   It affects your intelligence (+2).
Missiles
 C - a throwing net (quivered)
Armour
 b - a +1 plate armour of poison resistance (worn)
 c - a +0 kite shield (worn)
 l - a +1 cloak (worn)
 r - a +0 pair of gloves (worn)
 s - a +0 pair of boots (worn)
Jewellery
 m - a +2 ring of evasion (right hand)
 q - a ring of see invisible
 t - a ring of poison resistance
 v - a ring of protection from cold
 w - a ring of willpower (left hand)
 x - a ring of willpower
Wands
 k - a wand of acid (11)
Scrolls
 j - 5 scrolls of blinking
 n - 4 scrolls of enchant armour
 o - 3 scrolls of identify
 p - 2 scrolls of enchant weapon
 u - a scroll of fear
 B - a scroll of fog
Potions
 d - 2 potions of might
 e - 7 potions of curing
 f - 10 potions of heal wounds
 g - a potion of haste
 h - 4 potions of magic
 i - a potion of berserk rage
 z - a potion of invisibility
 A - a potion of mutation
 D - a potion of ambrosia {unknown}


   Skills:
 + Level 20.8 Fighting
 + Level 20.9 Polearms
 + Level 19.0 Armour
 + Level 11.2 Dodging
 + Level 6.8 Stealth
 + Level 21.0 Shields
 + Level 3.5 Evocations


You had 12 spell levels left.
You didn't know any spells.
Your spell library was empty.

Dungeon Overview and Level Annotations

Branches:
Dungeon (1/1)

Altars:
Cheibriados
Dithmenos
Elyvilon
Fedhas
Gozag
Hepliaklqana
Kikubaaqudgha
Makhleb
Nemelex Xobeh
Okawaru
Qazlal
Ru
Sif Muna
Trog
Uskayaw
Vehumet
Wu Jian
Xom
Yredelemnul
Zin
The Shining One
Beogh
Jiyva
Lugonu

Shops:
D *:**

Annotations:
D Sonja


Innate Abilities, Weirdness & Mutations

You have a pair of horns on your head.
You reflexively headbutt those who attack you in melee.


Message History

You feel sick. You block Rupert's attack.
You puncture Rupert! You headbutt Rupert!
Rupert is almost dead.
You feel very sick.
You puncture Rupert! You headbutt Rupert!!
Rupert is almost dead.
You feel sick. You block Rupert's attack.
You hit Rupert.
You feel the power of Trog in you as your rage grows.
You kill Rupert!
Trog accepts your kill. Something appears at your feet!
You see here a +1 antimagic demon blade.
Trog grants you a weapon!
You feel sick.
Your Armour skill increases to level 19!
Your Shields skill increases to level 21!
You start resting.
You feel very sick.
You feel a strong urge to attack something.
You feel very sick.
You start resting.
You feel sick.
You feel your anger nearly subside.
You are no longer berserk.
You are exhausted.
You feel yourself slow down.
You feel sick.
You start resting.
You feel very sick.
You feel sick. x5
You are no longer poisoned.
You start resting.
You feel yourself speed up.
You start resting.
You recover from your berserk rage.
You start resting.
HP restored.
Okay, then.
D - a cyan potion
Things that are here:
a +2 great sword of venom; a +0 chain mail Are you sure you want to abandon this character and quit the game? (Confirm with "yes".)

▓▓▓▓▓▓▓▓▓▓▓▓▓▓▓▓▓▓▓▓▓▓▓▓
.......@.)).[...........
▓▓▓▓▓▓▓▓▓▓▓▓▓▓▓▓▓▓▓▓▓▓▓▓▓▓▓▓▓▓▓▓▓
.......'))))...=)'.......)))).).)
▓▓▓▓▓▓▓▓▓▓▓▓▓▓▓▓▓▓▓▓▓▓▓▓▓▓▓▓▓▓▓▓▓
.................................
▓▓▓▓▓▓▓▓▓▓▓▓▓▓▓▓▓▓▓▓▓▓▓▓▓▓▓▓▓▓▓▓▓
.'..)[[[))))))).[[[[[[[[.......).
▓▓▓▓▓▓▓▓▓▓▓▓▓▓▓▓▓▓▓▓▓▓▓▓▓▓▓▓▓▓▓▓▓
................?.........).....)


There were no monsters in sight!

Vanquished Creatures
  Rupert (D)
  A stone giant (D)
  A very ugly thing (D)
  A bunyip (D)
  3 eleionomae (D)
  Snorg (D)
  A fire dragon (D)
  A merfolk impaler (D)
  A great orb of eyes (D)
  A naga warrior (D)
  An ice dragon (D)
  A boulder beetle (D)
  A rakshasa (D)
  An ogre mage (D)
  2 centaur warriors (D)
  2 hydras (D)
  An anaconda (D)
  2 alligators (D)
  A vampire mage (D)
  A naga sharpshooter (D)
  A sea snake (D)
  A bog body (D)
  4 orc knights (D)
  9 orc sorcerers (D)
  A mana viper (D)
  4 wolf spiders (D)
  2 manticores (D)
  An orb spider (D)
  A deep elf pyromancer (D)
  A will-o-the-wisp (D)
  Maurice (D)
  A guardian serpent (D)
  2 black mambas (D)
  A torpor snail (D)
  A gargoyle (D)
  A naga mage (D)
  A water nymph (D)
  3 cane toads (D)
  A rime drake (D)
  An efreet (D)
  A tengu conjurer (D)
  3 merfolk (D)
  2 hornets (D)
  A tyrant leech (D)
  A jumping spider (D)
  A troll (D)
  A blink frog (D)
  2 snapping turtles (D)
  2 basilisks (D)
  A steam dragon (D)
  A yak (D)
  Grum (D)
  2 wargs (D)
  A naga (D)
  2 acid dragons (D)
  3 water moccasins (D)
  9 orc warriors (D)
  An ogre (D)
  9 wolves (D)
  A centaur (D)
  A phantom (D)
  4 bullfrogs (D)
  A scorpion (D)
  A howler monkey (D)
  2 orc priests (D)
  A hound (D)
  A jelly (D)
  9 orc wizards (D)
  8 orcs (D)
  A giant cockroach (D)
  2 quokkas (D)
  A ball python (D)
  A frilled lizard (D)
141 creatures vanquished.

Vanquished Creatures (collateral kills)
  A centaur warrior (D)
1 creature vanquished.

Vanquished Creatures (others)
  An ogre mage (D)
  An orc wizard (D)
2 creatures vanquished.

Grand Total: 144 creatures vanquished

Notes
Turn   | Place    | Note
-------+----------+-------------------------------------------
     0 | D        | mhtbhm the Minotaur Fighter began the quest for the Orb.
     0 | D        | Reached XP level 1. HP: 19/19 MP: 0/0
    18 | D        | Reached skill level 4 in Shields
   331 | D        | Noticed an ogre
   331 | D        | Noticed a jelly
   331 | D        | Noticed a phantom
   331 | D        | Noticed a hound
   331 | D        | Noticed an orc wizard
   335 | D        | Killed an ogre
   336 | D        | Reached skill level 1 in Dodging
   336 | D        | Reached skill level 6 in Shields
   336 | D        | Reached XP level 2. HP: 31/31 MP: 1/1
   336 | D        | Reached XP level 3. HP: 38/38 MP: 2/2
   336 | D        | Reached XP level 4. HP: 45/45 MP: 3/3
   337 | D        | Reached skill level 5 in Polearms
   337 | D        | Reached skill level 7 in Shields
   343 | D        | Killed a phantom
   344 | D        | Reached skill level 8 in Shields
   344 | D        | Reached XP level 5. HP: 46/52 MP: 4/4
   372 | D        | Found a snail-covered altar of Cheibriados.
   372 | D        | Found a shadowy altar of Dithmenos.
   372 | D        | Found a white marble altar of Elyvilon.
   372 | D        | Found a blossoming altar of Fedhas.
   372 | D        | Found an opulent altar of Gozag.
   373 | D        | Found a hazy altar of Hepliaklqana.
   374 | D        | Found a viscous altar of Jiyva.
   375 | D        | Found an ancient bone altar of Kikubaaqudgha.
   376 | D        | Found a corrupted altar of Lugonu.
   377 | D        | Found a burning altar of Makhleb.
   378 | D        | Found a sparkling altar of Nemelex Xobeh.
   379 | D        | Found an iron altar of Okawaru.
   380 | D        | Found a stormy altar of Qazlal.
   381 | D        | Found a sacrificial altar of Ru.
   382 | D        | Found a shimmering blue altar of Sif Muna.
   383 | D        | Found a bloodstained altar of Trog.
   384 | D        | Found a hide-covered altar of Uskayaw.
   385 | D        | Found a radiant altar of Vehumet.
   386 | D        | Found an ornate altar of the Wu Jian Council.
   387 | D        | Found a shimmering altar of Xom.
   388 | D        | Found a basalt altar of Yredelemnul.
   389 | D        | Found a glowing silver altar of Zin.
   390 | D        | Found a glowing golden altar of the Shining One.
   413 | D        | Became a worshipper of Trog the Wrathful
   454 | D        | Noticed a gargoyle
   454 | D        | Noticed an acid dragon
   454 | D        | Noticed an acid dragon
   461 | D        | Reached XP level 6. HP: 61/61 MP: 5/5
   483 | D        | Killed a gargoyle
   484 | D        | Reached skill level 10 in Armour
   484 | D        | Reached skill level 10 in Shields
   484 | D        | Reached XP level 7. HP: 39/69 MP: 6/6
   492 | D        | Reached * piety under Trog
   501 | D        | Reached skill level 1 in Stealth
   501 | D        | Reached skill level 11 in Shields
   508 | D        | Reached ** piety under Trog
   509 | D        | Reached skill level 5 in Dodging
   749 | D        | Noticed a centaur warrior
   749 | D        | Noticed a tengu conjurer
   749 | D        | Noticed a troll
   749 | D        | Noticed a five-headed hydra
   749 | D        | Noticed a centaur warrior
   755 | D        | Killed a centaur warrior
   756 | D        | Reached skill level 10 in Fighting
   756 | D        | Reached XP level 8. HP: 79/79 MP: 7/7
   762 | D        | Killed a five-headed hydra
   763 | D        | Reached skill level 12 in Shields
   763 | D        | Reached XP level 9. HP: 52/86 MP: 8/8
   770 | D        | Killed a tengu conjurer
   770 | D        | Reached *** piety under Trog
   779 | D        | Killed a troll
   784 | D        | Killed a centaur warrior
   785 | D        | Reached skill level 5 in Stealth
   785 | D        | Reached skill level 13 in Shields
   785 | D        | Reached skill level 1 in Evocations
   785 | D        | Upgraded the game from 0.27-a0-836-gfc908b8576 to
                  | 0.27-a0-860-gaf99fae3ca
  1250 | D        | Noticed an eight-headed hydra
  1253 | D        | Noticed a cane toad
  1254 | D        | Reached **** piety under Trog
  1261 | D        | Noticed a cane toad
  1264 | D        | Killed an eight-headed hydra
  1265 | D        | Reached XP level 10. HP: 97/97 MP: 9/9
  1274 | D        | Reached ***** piety under Trog
  1277 | D        | Killed a cane toad
  1284 | D        | Killed a cane toad
  1349 | D        | Noticed a cane toad
  1360 | D        | Reached skill level 14 in Shields
  1364 | D        | Killed a cane toad
  1370 | D        | Received a gift from Trog
  1371 | D        | Reached ****** piety under Trog
  1427 | D        | Reached skill level 15 in Polearms
  1576 | D        | Reached skill level 10 in Dodging
  1584 | D        | Received a gift from Trog
  1819 | D        | Noticed an orc knight
  1829 | D        | Killed an orc knight
  1834 | D        | Reached XP level 11. HP: 107/107 MP: 10/10
  1842 | D        | Identified the +10 trident of Judgement {vorpal, Int+2}
                  | (Trog gifted it to you in the Dungeon)
  1842 | D        | Received a gift from Trog
  1844 | D        | Noticed an orc knight
  1859 | D        | Killed an orc knight
  1859 | D        | Received a gift from Trog
  2144 | D        | Noticed an orc knight
  2149 | D        | Killed an orc knight
  2150 | D        | Reached skill level 15 in Shields
  2152 | D        | Noticed an orc sorcerer
  2164 | D        | Killed an orc sorcerer
  2164 | D        | Received a gift from Trog
  2249 | D        | Found Rizos's General Store.
  2249 | D        | Noticed an orc sorcerer
  2249 | D        | Noticed an orc sorcerer
  2249 | D        | Noticed an orc sorcerer
  2249 | D        | Noticed an orc sorcerer
  2254 | D        | Noticed an orc sorcerer
  2262 | D        | Killed an orc sorcerer
  2262 | D        | Received a gift from Trog
  2267 | D        | Killed an orc sorcerer
  2268 | D        | Killed an orc sorcerer
  2269 | D        | Found Quytepn's Book Shoppe.
  2274 | D        | Noticed a soul eater
  2274 | D        | Killed an orc sorcerer
  2279 | D        | Found Ymeusus's Assorted Antiques.
  2283 | D        | Killed an orc sorcerer
  2283 | D        | Received a gift from Trog
  2284 | D        | Noticed an orc sorcerer
  2287 | D        | Found Ciyguh's Assorted Antiques.
  2294 | D        | Noticed an orc sorcerer
  2296 | D        | Killed an orc sorcerer
  2297 | D        | Reached skill level 15 in Fighting
  2298 | D        | Noticed an orc sorcerer
  2304 | D        | Noticed a sun demon
  2307 | D        | Killed an orc sorcerer
  2307 | D        | Received a gift from Trog
  2317 | D        | Killed an orc sorcerer
  2415 | D        | Bought a scroll of acquirement for 572 gold pieces
  2415 | D        | Bought 2 potions of heal wounds for 110 gold pieces
  2415 | D        | Bought a potion of heal wounds for 55 gold pieces
  2415 | D        | Bought a scroll of fear for 38 gold pieces
  2421 | D        | Bought a steel ring for 135 gold pieces
  2423 | D        | Bought a glowing agate ring for 120 gold pieces
  2423 | D        | Bought a sedimented sapphire potion for 21 gold pieces
  2423 | D        | Bought a scroll of blinking for 180 gold pieces
  2423 | D        | Bought a scroll labelled OSONUPEULA for 24 gold pieces
  2423 | D        | Bought a potion of invisibility for 192 gold pieces
  2427 | D        | Bought a potion of curing for 33 gold pieces
  2431 | D        | Bought a scroll of identify for 48 gold pieces
  2433 | D        | Bought a scroll of identify for 54 gold pieces
  2505 | D        | Noticed Sonja
  2513 | D        | Received a gift from Trog
  2670 | D        | Noticed Grum
  2677 | D        | Killed Grum
  2708 | D        | Noticed Maurice
  2717 | D        | Killed Maurice
  2883 | D        | Acquired a manual of Shields
  2974 | D        | Noticed an ogre mage
  2974 | D        | Noticed a centaur warrior
  2974 | D        | Noticed an ogre mage
  2974 | D        | Noticed an orc knight
  2974 | D        | Noticed a boulder beetle
  2978 | D        | Reached skill level 16 in Shields
  2978 | D        | Noticed a deep elf pyromancer
  2985 | D        | Paralysed by an ogre mage for 6 turns
  2988 | D        | Killed an ogre mage
  2995 | D        | Killed a centaur warrior
  2995 | D        | Received a gift from Trog
  3084 | D        | Paralysed by something for 3 turns
  3091 | D        | Killed an ogre mage
  3092 | D        | Reached skill level 15 in Armour
  3092 | D        | Reached XP level 12. HP: 105/122 MP: 11/11
  3280 | D        | Reached skill level 17 in Shields
  3287 | D        | Noticed a vampire mage
  3290 | D        | Noticed a fire dragon
  3292 | D        | Noticed an ice dragon
  3304 | D        | Killed a vampire mage
  3304 | D        | Received a gift from Trog
  3312 | D        | Killed a boulder beetle
  3317 | D        | Killed a fire dragon
  3324 | D        | Killed an ice dragon
  3485 | D        | Noticed a stone giant
  3487 | D        | Noticed a green very ugly thing
  3496 | D        | Killed a stone giant
  3497 | D        | Reached skill level 18 in Shields
  3497 | D        | Noticed a rakshasa
  3506 | D        | Killed a green very ugly thing
  3506 | D        | Received a gift from Trog
  3508 | D        | Noticed a great orb of eyes
  3510 | D        | Killed a rakshasa
  3511 | D        | Noticed a great orb of eyes
  3520 | D        | Killed a great orb of eyes
  3773 | D        | Noticed a merfolk impaler
  3798 | D        | Received a gift from Trog
  3808 | D        | Killed a merfolk impaler
  3824 | D        | Reached skill level 19 in Shields
  4013 | D        | Received a gift from Trog
  4031 | D        | Reached XP level 13. HP: 136/136 MP: 12/12
  4286 | D        | Received a gift from Trog
  4300 | D        | Reached skill level 20 in Shields
  4325 | D        | Received a gift from Trog
  4362 | D        | Noticed an eleionoma
  4362 | D        | Noticed an eleionoma
  4362 | D        | Noticed an eleionoma
  4366 | D        | Killed an eleionoma
  4370 | D        | Killed an eleionoma
  4372 | D        | Killed an eleionoma
  4377 | D        | Noticed a bunyip
  4380 | D        | Received a gift from Trog
  4394 | D        | Killed a bunyip
  4511 | D        | Noticed Snorg
  4522 | D        | Killed Snorg
  4523 | D        | Noticed Rupert
  4538 | D        | Killed Rupert
  4538 | D        | Received a gift from Trog
  4539 | D        | Reached skill level 21 in Shields
  4757 | D        | Quit the game

Illustrated notes

Levels and vault maps discovered:
D:        linesprint [early_d, line_temple, items_1, d_10, items_2, lair_1,
          lair_end, items_3, orc_1, orc_end, items_4, d_15, swamp_1, shoals_1,
          snake_1, spider_1, d_20, vaults_1, items_5, swamp_end, shoals_end,
          snake_end, spider_end, vaults_end, d_27, items_6, zot_1, zot_end,
          crypt_end, forest_end, elf_end, slime_end, tomb_end, abyss_end,
          pan_hell_end]

Skill      XL: |  1  2  3  4  5  6  7  8  9 10 11 12 13 |
---------------+----------------------------------------+-----
Fighting       | 6 7 8 10 11 13 16 18 20 | 20.8
Shields        | 6 8 10 11 12 13 14 16 19 21 | 21.0
Armour         | 6 8 10 11 12 13 15 17 19 | 19.0
Polearms       | 4 5 6 8 11 12 13 15 17 19 20 | 20.9
Dodging        | 1 2 4 6 7 8 10 11 | 11.2
Stealth        | 3 4 5 6 |  6.8
Evocations     | 1 2 3 |  3.5

Action                   |  1- 3 |  4- 6 |  7- 9 | 10-12 | 13-15 || total
-------------------------+-------+-------+-------+-------+-------++-------
Melee: Trident           |    31 |    52 |    60 |   315 |    95 ||   553
       Headbutt          |     3 |     9 |    13 |    57 |    19 ||   101
       Demon trident     |       |       |       |    61 |       ||    61
Invok: Berserk           |       |       |     2 |    10 |     3 ||    15
       Brothers in Arms  |       |       |       |     1 |       ||     1
Evoke: Wand              |       |       |     3 |     2 |       ||     5
  Use: Potion            |     1 |     1 |     2 |     4 |       ||     8
       Scroll            |       |       |       |     3 |       ||     3
 Stab: Invisible         |       |       |     4 |       |       ||     4
Armor: Scale mail        |    14 |    20 |    23 |       |       ||    57
       Plate armour      |       |       |     3 |    64 |    15 ||    82
Dodge: Dodged            |     9 |     8 |    41 |    49 |    13 ||   120
Block: Kite shield       |    11 |    21 |    42 |    94 |    31 ||   199

Table legend: (Time is in decaauts)
 A = Elapsed time spent in this place.
 B = Non-inter-level travel time spent in this place.
 C = Inter-level travel time spent in this place.
 D = Time resting spent in this place.
 E = Time spent auto-exploring this place.
 F = Levels seen in this place.
 G = Mean time per level.
                   A        B        C        D        E       F      G
               +--------+--------+--------+--------+--------+-----+--------+
         Total |   4696 |   4696 |      0 |   2860 |    551 |   1 | 4696.0 |
       Dungeon |   4696 |   4696 |      0 |   2860 |    551 |   1 | 4696.0 |
               +--------+--------+--------+--------+--------+-----+--------+

Top non-repeatable levels by time:
       D: 4696 daAuts
